 Dungeon Crawl Stone Soup version 0.29.1-13-g9f3cf754e1 (webtiles) character file.

Game seed: 15623170014613822342

6463 javelincjr the Zephyrmancer (level 10, -12/65 HPs)
             Began as a Black Draconian Air Elementalist on Jan 26, 2023.
             Was a Follower of Sif Muna.
             Mangled by a two-headed ogre
             ... wielding a +0 giant club
              (36 damage)
             ... on level 9 of the Dungeon.
             The game lasted 00:59:05 (10894 turns).

javelincjr the Zephyrmancer (DrAE)                 Turns: 10894, Time: 00:59:14

Health: -12/65     AC:  7    Str: 11    XL:     10   Next: 68%
Magic:  2/22       EV: 13    Int: 26    God:    Sif Muna [*.....]
Gold:   342        SH:  4    Dex: 11    Spells: 16/26 levels left

rFire   . . .      SeeInvis .   D - +4 dagger (drain)
rCold   . . .      Faith    .   (no shield)
rNeg    . . .      Spirit   .   (body armour unavailable)
rPois   .          Reflect  .   (helmet restricted)
rElec   +          Harm     .   (no cloak)
rCorr   .          Rampage  .   (no gloves)
Will    .....      Rage     3%  (no boots)
Stlth   ++........              (no amulet)
HPRegen 0.20/turn               l - ring of flight
MPRegen 0.18/turn               h - +6 ring of intelligence

@: short of breath, marked, flying
A: breathe lightning, AC +7, unfitting armour, electricity resistance,
cold-blooded, big wings, large bone plates 1, berserk 1, frail 1
a: Breathe Lightning, Renounce Religion, Channel Magic


You were on level 9 of the Dungeon.
You worshipped Sif Muna.
Sif Muna was aware of your devotion.
You visited 2 branches of the dungeon, and saw 10 of its levels.

You collected 492 gold pieces.
You spent 150 gold pieces at shops.

Inventory:

Hand Weapons
 g - a +0 dagger
 t - a +4 short sword of freezing
 x - a +2 whip of electrocution
 z - a +4 scimitar of flaming
 A - a +2 quarterstaff of chaos
 D - a +4 dagger of draining (weapon)
Missiles
 b - 133 stones
 j - 32 poisoned darts
 C - a throwing net
Armour
 q - a scarf of harm
 B - a +0 cloak
Magical Staves
 v - a staff of death
Jewellery
 e - a ring of see invisible
 h - a +6 ring of intelligence (right hand)
 l - a ring of flight (left hand)
 w - a +6 ring of intelligence
 E - the ring "Tikyta" {*Corrode Will+ Slay+4}
   (You bought it in a shop on level 6 of the Dungeon)

   [ring of willpower]

   Slay:      It affects your accuracy & damage with ranged weapons and melee
   (+4).
   *Corrode:  It may corrode you when you take damage.
   Will:      It increases your willpower.
 G - a +6 ring of strength
Wands
 y - a wand of digging (5)
 H - a wand of flame (25)
 I - a wand of mindburst (10)
Scrolls
 a - 2 scrolls of vulnerability
 c - a scroll of noise
 d - 3 scrolls of poison
 i - a scroll of blinking
 o - 5 scrolls of teleportation
 p - 2 scrolls of fear
 r - a scroll of immolation
 s - 2 scrolls of identify
 F - a scroll of fog {unknown}
 J - a scroll of summoning {unknown}
Potions
 f - 2 potions of mutation
 k - 2 potions of ambrosia
 m - 2 potions of curing
 n - a potion of lignification
 u - a potion of degeneration {unknown}


   Skills:
 + Level 2.1 Fighting
 + Level 1.4 Short Blades
 + Level 4.6 Dodging
 + Level 4.2 Stealth
 + Level 8.8 Spellcasting
 + Level 7.1 Conjurations
 + Level 11.4 Air Magic


You had 16 spell levels left.
You knew the following spells:

 Your Spells              Type           Power      Damage    Failure   Level
a - Shock                 Conj/Air       100%       1d9       1%          1
b - Static Discharge      Conj/Air       56%        3-10/arc  1%          2
c - Swiftness             Air            63%        N/A       1%          3
d - Airstrike             Air            31%        2d(5-21)  1%          4

Your spell library contained the following spells:

 Spells                   Type           Power      Damage    Failure   Level
 Apportation              Tloc           22%        N/A       5%          1
 Necrotise                Necr           44%        1d6       5%          1
 Summon Small Mammal      Summ           44%        N/A       5%          1
 Hailstorm                Conj/Ice       30%        3d8       12%         4
 Call Canine Familiar     Summ           11%        N/A       16%         3
 Gell's Gravitas          Tloc           11%        N/A       16%         3
 Lesser Beckoning         Tloc           11%        N/A       16%         3
 Ozocubu's Armour         Ice            11%        N/A       16%         3
 Summon Guardian Golem    Hex/Summ       11%        N/A       16%         3
 Teleport Other           Tloc           11%        N/A       16%         3
 Cause Fear               Hex            5%         N/A       45%         4
 Ice Form                 Ice/Tmut       11%        N/A       45%         4
 Metabolic Englaciation   Hex/Ice        5%         N/A       82%         5
 Simulacrum               Ice/Necr       5%         N/A       100%        6
 Dragon Form              Tmut           5%         N/A       100%        7
 Dragon's Call            Summ           5%         N/A       100%        9


Dungeon Overview and Level Annotations

Branches:
Dungeon (9/15)             Temple (1/1) D:7            Lair (0/5) D:9
    Orc: D:9-12

Altars:
Ashenzari
Cheibriados
Dithmenos
Elyvilon
Fedhas
Gozag
Hepliaklqana
Kikubaaqudgha
Makhleb
Nemelex Xobeh
Okawaru
Qazlal
Ru
Sif Muna
Trog
Uskayaw
Vehumet
Wu Jian
Xom
Yredelemnul
Zin
The Shining One

Shops:
D:5 !   D:6 (*:=   D:7 *   D:8 (

Annotations:
D:9 Harold


Innate Abilities, Weirdness & Mutations

You can breathe wild blasts of lightning.
Your glossy black scales are hard. (AC +7)
You cannot fit into any form of body armour.
You are resistant to electric shocks. (rElec)
You are cold-blooded and may be slowed by cold attacks.
Your large and strong wings let you fly.
You are partially covered in large bone plates. (SH +4)
You sometimes lose your temper in combat.
You are frail. (-10% HP)


Message History

You have got your breath back.
You feel sick. The kobold hits you but does no damage.
Harold closely misses you.
The kobold throws a poisoned dart.
The poisoned dart barely misses you.
Items here: ! ( ) ? [ †.
Casting: Airstrike (dangerous; 1% risk of failure)
Confirm with . or Enter, or press ? or * to list all spells.
The kobold is struck by an arc of lightning!
You kill the kobold!
Sif Muna accepts your kill.
The kobold is struck by an arc of lightning!
You kill the kobold!
Sif Muna accepts your kill.
Harold is struck by an arc of lightning!
Harold is lightly wounded.
You resist.
You are struck by an arc of lightning.
Harold is struck by an arc of lightning!
Harold is moderately wounded.
You resist.
You are struck by an arc of lightning.
You feel sick.
You are no longer poisoned.
Harold hits you with a +0 battleaxe!!
As you read the scroll of teleportation, it crumbles to dust.
You feel strangely unstable. Harold casts a spell at you.
The mark upon you grows brighter.
Harold throws a throwing net.
The throwing net hits you.
You become entangled in the net!
A kobold brigand comes into view.
It is wielding a +0 dagger and quivering poisoned darts.
You see here a throwing net.
Activating: Breathe Lightning (3% risk of failure)
Press: ? - help, Dir - look around, f - activate Look: Harold, wielding a +0 battleaxe, wearing a +0 scale mail and quivering 2 throwing nets (moderately wounded)
You breathe a wild blast of lightning!
You hear a mighty clap of thunder!
The bolt of lightning hits you. You resist.
The orb of electricity explodes!
Your surroundings suddenly seem different.
A two-headed ogre comes into view.
It is wielding a +0 giant club and a +0 giant spiked club.
The two-headed ogre hits you with a +0 giant club!!!
Ouch! That really hurt!
You die...

.....
####
#.O#
#@.#
#....#
#....#
......#
#...#..#
....##..
#....#
...
..##..
.###


You could see a two-headed ogre.

Vanquished Creatures
  Erica (D:8)
  An ugly thing (D:7)
  A troll (D:8)
  A shadow (D:8)
  A wraith (D:7)
  A wyvern (D:8)
  6 yaks (D:9)
  3 water moccasins
  3 black bears
  An ice beast (D:6)
  3 centaurs
  3 ogres
  3 kobold brigands
  7 bullfrogs
  A gnoll sergeant (D:6)
  A necrophage (D:6)
  7 scorpions
  9 wights
  4 howler monkeys
  2 jellies
  9 orc priests
  Crazy Yiuf (D:5)
  5 hounds
  Natasha (twice) (D:3)
  3 iguanas
  7 orc wizards
  An ogre zombie (D:9)
  4 gnolls (D:6)
  4 adders
  A shadow imp (D:6)
  2 white imps
  2 ufetubi
  A dart slug (D:5)
  28 orcs
  5 bats (D:2)
  4 endoplasms
  4 giant cockroaches
  4 hobgoblins
  2 jackals (D:3)
  22 kobolds
  3 quokkas
  5 ball pythons
  4 frilled lizards
  An orc zombie (D:9)
  3 rats
186 creatures vanquished.

Vanquished Creatures (others)
  53 fungi (D:9)
  44 plants (D:9)
97 creatures vanquished.

Grand Total: 283 creatures vanquished

Notes
Turn   | Place    | Note
-------+----------+-------------------------------------------
     0 | D:1      | javelincjr the Draconian Air Elementalist began the quest
                  | for the Orb.
     0 | D:1      | Reached XP level 1. HP: 14/14 MP: 3/3
   470 | D:1      | Reached XP level 2. HP: 20/20 MP: 1/5
   473 | D:1      | Learned a level 2 spell: Static Discharge
   612 | D:1      | Found a faded altar of an unknown god.
  1703 | D:3      | You fall into a shaft and drop 1 floor!
  1742 | D:4      | Noticed a centaur
  1905 | D:3      | Reached XP level 3. HP: 26/26 MP: 3/6
  2160 | D:3      | HP: 1/26 [orc wizard/+0 dagger (2)]
  2175 | D:3      | Reached skill level 4 in Air Magic
  2175 | D:3      | Reached XP level 4. HP: 17/33 MP: 3/8
  2504 | D:3      | Noticed a scorpion
  2522 | D:3      | Noticed Natasha
  2528 | D:3      | Killed Natasha
  2529 | D:3      | Reached XP level 5. HP: 38/38 MP: 2/9
  3555 | D:3      | Reached XP level 6. HP: 42/46 MP: 3/11
  3718 | D:3      | Noticed Natasha
  3722 | D:3      | Killed Natasha
  3751 | D:3      | Learned a level 3 spell: Swiftness
  3756 | D:3      | Learned a level 4 spell: Airstrike
  3769 | D:3      | Found a radiant altar of Vehumet.
  4042 | D:4      | Found an opulent altar of Gozag.
  4161 | D:4      | Reached skill level 5 in Air Magic
  4358 | D:4      | Your scales start taking on a glossy black colour.
  4358 | D:4      | Reached skill level 6 in Air Magic
  4358 | D:4      | Reached XP level 7. HP: 26/51 MP: 5/13
  4358 | D:4      | Gained mutation: You are resistant to electric shocks.
                  | (rElec) [Black Draconian growth]
  4567 | D:4      | Found a stormy altar of Qazlal.
  4567 | D:4      | Found a faded altar of an unknown god.
  4590 | D:4      | Found a burning altar of Makhleb.
  4592 | D:4      | Found a shimmering altar of Xom.
  4594 | D:4      | Found a hide-covered altar of Uskayaw.
  4614 | D:5      | Entered Level 5 of the Dungeon
  4614 | D:5      | Found Vefuse's Distillery.
  5388 | D:5      | Reached skill level 7 in Air Magic
  5556 | D:5      | Found a runed translucent door.
  5557 | D:5      | Noticed Crazy Yiuf
  5561 | D:5      | Killed Crazy Yiuf
  5883 | D:6      | Reached XP level 8. HP: 49/58 MP: 11/15
  5904 | D:6      | Reached skill level 5 in Spellcasting
  5943 | D:6      | Found Uggount's Book Boutique.
  5952 | D:6      | Reached skill level 5 in Conjurations
  6447 | D:6      | Found Corip's Assorted Antiques.
  6577 | D:6      | Found Xah Zing's Antique Weapon Shop.
  6581 | D:6      | Bought a coiled golden ring for 150 gold pieces
  6581 | D:6      | Identified the ring "Tikyta" {*Corrode Will+ Slay+4} (You
                  | bought it in a shop on level 6 of the Dungeon)
  6585 | D:6      | Found an ancient bone altar of Kikubaaqudgha.
  6633 | D:6      | Reached skill level 8 in Air Magic
  6754 | D:6      | Found a glowing golden altar of the Shining One.
  6877 | D:6      | Found Useeduz's Jewellery Emporium.
  7097 | D:7      | Found a staircase to the Ecumenical Temple.
  7120 | D:7      | Reached skill level 1 in Fighting
  7123 | Temple   | Entered the Ecumenical Temple
  7303 | Temple   | Became a worshipper of Sif Muna the Loreminder
  7419 | Temple   | Gained mutation: Your large and strong wings let you fly.
                  | [potion of mutation]
  7419 | Temple   | Gained mutation: You are partially covered in large bone
                  | plates. (SH +4) [potion of mutation]
  7419 | Temple   | Gained mutation: You have hidden genetic defects. [potion
                  | of mutation]
  7570 | D:7      | Reached XP level 9. HP: 60/64 MP: 18/18
  7687 | D:7      | Gained mutation: You are frail. (-10% HP) [hidden defects]
  8075 | D:7      | Found Ujosarao's Evil Emporium.
  8259 | D:8      | Reached skill level 1 in Short Blades
  8325 | D:8      | Found a broken altar of Ashenzari.
  8372 | D:8      | Found Gues's Weapon Shop.
  8423 | D:8      | Noticed a troll
  8429 | D:8      | Reached skill level 9 in Air Magic
  8429 | D:8      | Killed a troll
  8430 | D:8      | Noticed a red ugly thing
  8448 | D:8      | Gained mutation: You sometimes lose your temper in combat.
                  | [hidden defects]
  8448 | D:8      | Lost mutation: You have hidden genetic defects. [hidden
                  | defects expressed]
  8962 | D:7      | Killed a red ugly thing
  9495 | D:8      | Noticed Erica
  9505 | D:8      | Killed Erica
  9506 | D:8      | Reached skill level 10 in Air Magic
  9506 | D:8      | Reached XP level 10. HP: 65/65 MP: 4/21
 10229 | D:9      | Reached * piety under Sif Muna
 10467 | D:9      | Reached skill level 11 in Air Magic
 10614 | D:9      | Found a staircase to the Lair.
 10885 | D:9      | Noticed Harold
 10894 | D:9      | Noticed a two-headed ogre
 10894 | D:9      | Mangled by a two-headed ogre

Illustrated notes

Levels and vault maps discovered:
D:1:      minmay_arrival_shattered_statue, layout_rooms,
          chequers_ecumenical_altar_grove
D:2:      layout_loops_cross
D:3:      layout_loops_corners, fiery_altar_vehumet, uniq_natasha
D:4:      layout_basic, grunt_gozag_breadcrumbs,
          chequers_temple_overflow_minitemple
D:5:      layout_gridville, serial_shops,
          nicolae_shop_temple_entry_statues_fountains, uniq_crazy_yiuf_cottage
D:6:      layout_basic, mainiacjoe_overflow_catwalk_spiral, serial_shops,
          nicolae_shop_stone, shop, shop, nicolae_stop_n_shop_1
D:7:      layout_gridville, temple_pool_b, grunt_ministairs_8, st_stairs_10,
          hangedman_decor_lopped, nicolae_evil_shop
D:8:      layout_gridville, lemuel_crystal_altar, serial_shops,
          nicolae_shop_bloodbath_and_beyond, uniq_erica
D:9:      layout_loops_ring, due_lair_maze_entry_diamond, zombieorc1_lemuel,
          minmay_misc_feat_x, uniq_harold
Temple:   hellmonk_temple_forest_ring

Skill      XL: |  1  2  3  4  5  6  7  8  9 10 |
---------------+-------------------------------+-----
Dodging        | 2 3 4 |  4.6
Stealth        | 2 3 4 |  4.2
Air Magic      | 4 6 7 8 10 11 | 11.4
Conjurations   | 2 3 4 6 7 |  7.1
Spellcasting   | 3 4 6 7 8 |  8.8
Fighting       | 1 2 |  2.1
Short Blades   | 1 |  1.4

Action                   |  1- 3 |  4- 6 |  7- 9 | 10-12 || total
-------------------------+-------+-------+-------+-------++-------
Melee: Unarmed           |     8 |       |       |       ||     8
       Tailslap          |     2 |     2 |     1 |     3 ||     8
       Dagger            |    15 |     7 |    18 |    21 ||    61
       Punch             |     1 |       |       |     2 ||     3
       Whip              |       |       |     2 |       ||     2
 Cast: Shock             |    56 |    77 |    90 |    12 ||   235
       Static Discharge  |     5 |    11 |    37 |    34 ||    87
       Airstrike         |       |       |    13 |     8 ||    21
       Swiftness         |       |       |     2 |     1 ||     3
 Abil: Breathe Lightning |       |       |    25 |     7 ||    32
  Use: Potion            |     2 |       |     5 |       ||     7
       Scroll            |       |       |    12 |     1 ||    13
Armor: Skin              |    14 |    11 |    15 |    15 ||    55
Dodge: Dodged            |    21 |    13 |    60 |    32 ||   126
Block: Other             |       |       |     6 |     5 ||    11
